 Dungeon Crawl Stone Soup version 0.27-a0-1232-gc6a4cbde82 (webtiles) character file.

Game seed: 17947143637012865765

19 ZappyNine the Scratcher (level 2, -3/12 HPs)
             Began as a Felid Transmuter on June 8, 2021.
             Killed from afar by Natasha (8 damage)
             ... with a magic dart
             ... on level 2 of the Dungeon.
             The game lasted 00:01:59 (1221 turns).

ZappyNine the Scratcher (Felid Transmuter)          Turns: 1221, Time: 00:02:00

Health: -3/12      AC:  1    Str:  6    XL:     2   Next: 55%
Magic:  5/6        EV: 17    Int: 14    God:
Gold:   32         SH:  0    Dex: 16    Spells: 2/5 levels left
                                        Lives:  0   Deaths: 0

rFire    . . .     SeeInvis +     - Unarmed
rCold    . . .     Faith    .   (shield unavailable)
rNeg     . . .     Spirit   .   (armour unavailable)
rPois    .         Reflect  .   (helmet unavailable)
rElec    .         Harm     .   (cloak unavailable)
rCorr    .         Rampage  .   (gloves unavailable)
Will     .....                  (boots unavailable)
Stlth    ++........             (no amulet)
HPRegen  0.04/turn              (no ring)
MPRegen  0.10/turn              (no ring)

@: appendages, quick
A: horns 2, very small, claws 1, fangs 3, see invisible, speed 1, shaggy fur 1,
stealthy paws, no weapons or thrown items, no armour, multi-lived
a: End Transformation


You were on level 2 of the Dungeon.
You had temporarily grown beastly horns.
You visited 1 branch of the dungeon, and saw 2 of its levels.

You collected 32 gold pieces.

Inventory:

Jewellery
 e - an amulet of guardian spirit
Scrolls
 a - a scroll of teleportation {unknown}
 d - a scroll of fog {unknown}
 f - 3 scrolls of identify {unknown}
Potions
 b - a potion of flight {unknown}
 c - a potion of curing {unknown}


   Skills:
 + Level 1.4 Fighting
 - Level 2.6 Dodging
 * Level 2.3 Stealth
 + Level 3.2 Unarmed Combat
 - Level 2.0 Spellcasting
 - Level 2.1 Transmutations


You had 2 spell levels left.
You knew the following spells:

 Your Spells              Type           Power      Damage    Failure   Level
a - Beastly Appendage     Tmut           14%        N/A       10%         1
b - Wereblood             Tmut           7%         N/A       14%         2

Your spell library contained the following spells:

 Spells                   Type           Power      Damage    Failure   Level
 Spider Form              Tmut/Pois      2%         N/A       41%         3
 Ice Form                 Ice/Tmut       4%         N/A       83%         4
 Hydra Form               Tmut           3%         N/A       95%         5


Dungeon Overview and Level Annotations

Branches:
Dungeon (2/15)

Altars:

Shops:
D:2 *

Annotations:
D:2 Natasha


Innate Abilities, Weirdness & Mutations

You have temporarily grown beastly horns.
You have sharp claws.
You have razor-sharp teeth.
You have supernaturally acute eyesight. (SInv)
You cover ground quickly. (Speed+)
You are covered in fur. (AC +1)
Your paws help you pounce on unaware monsters.
You are incapable of wielding weapons or throwing items.
You cannot wear armour.
You gain extra lives every three experience levels.


Message History

What level of the Dungeon? (default 1, ? - help)
You open the door.
There is an open door here.
There is an open door here.
There is a stone staircase leading down here.
You climb downwards.
Found 19 stones.
Found Tuonum's Assorted Antiques.
Found an escape hatch in the ceiling.
There is a stone staircase leading up here.
Natasha, Servant of Life and Death comes into view.
Natasha hisses angrily.
Natasha is nearby!
Natasha is nearby!
Natasha is nearby!
Casting: Beastly Appendage (safe; 10% risk of failure)
Confirm with . or Enter, or press ? or * to list all spells.
You grow a pair of large bovine horns.
There is an escape hatch in the ceiling here.
Press: ? - help, v - describe, . - travel
Here: Natasha The floor.
Unknown command.
Unknown command.
You scratch Natasha. You headbutt Natasha, but do no damage.
Natasha is moderately wounded.
Natasha casts a spell at you. The magic dart hits you!
Ouch! That really hurt!
Unknown command.
You scratch Natasha. Your claw misses Natasha.
Natasha is severely wounded.
Natasha growls.
Natasha mumbles some strange words.
Unknown command.
You completely miss Natasha. You headbutt Natasha, but do no damage.
Natasha is severely wounded.
Natasha stares at you and mumbles some strange words.
The magic dart hits you!
Ouch! That really hurt!
You die...

... ## .. .#
#. .# #.##
.# #..##.#
##<...###
#.#...8...#
#(...^..#.#
###..#@##
#..#h.......
#...∩5...###
#.#..##..#
#...8. ....
.....# .#..
.#... . .
#..... ##


You could see Natasha and a white imp (summoned).

Vanquished Creatures
  An endoplasm (D:1)
  2 giant cockroaches (D:1)
  4 goblins (D:1)
  A hobgoblin (D:1)
  3 jackals (D:1)
  A quokka (D:1)
  2 kobolds (D:1)
  A rat (D:1)
15 creatures vanquished.

Notes
Turn   | Place    | Note
-------+----------+-------------------------------------------
     0 | D:1      | ZappyNine the Felid Transmuter began the quest for the Orb.
     0 | D:1      | Reached XP level 1. HP: 9/9 MP: 4/4
   239 | D:1      | Reached skill level 1 in Stealth
   545 | D:1      | Reached XP level 2. HP: 11/12 MP: 6/6
   686 | D:1      | Learned a level 2 spell: Wereblood
  1214 | D:2      | Found Tuonum's Assorted Antiques.
  1216 | D:2      | Noticed Natasha
  1221 | D:2      | Killed from afar by Natasha

Illustrated notes

Levels and vault maps discovered:
D:1:      erik_arrival_orb_chamber, layout_loops_corners, amethyst_killhole,
          minivault_23
D:2:      layout_loops_cross, serial_shops, shop_statue, uniq_natasha

Skill      XL: |  1  2 |
---------------+-------+-----
Stealth        | 1 2 |  2.3
Fighting       | |  1.4
Dodging        | |  2.6
Unarmed Combat | |  3.2
Spellcasting   | |  2.0
Transmutations | |  2.1

Action                   || total
-------------------------++-------
Melee: Unarmed           ||    34
       Bite              ||     3
       Headbutt          ||     3
 Cast: Beastly Appendage ||     7
       Wereblood         ||     1
 Stab: Sleeping          ||     3
Armor: Skin              ||     3
Dodge: Dodged            ||    14

Table legend: (Time is in decaauts)
 A = Elapsed time spent in this place.
 B = Non-inter-level travel time spent in this place.
 C = Inter-level travel time spent in this place.
 D = Time resting spent in this place.
 E = Time spent auto-exploring this place.
 F = Levels seen in this place.
 G = Mean time per level.
                   A        B        C        D        E       F      G
               +--------+--------+--------+--------+--------+-----+--------+
         Total |   1052 |   1022 |     30 |    117 |    796 |   2 |  526.0 |
       Dungeon |   1052 |   1022 |     30 |    117 |    796 |   2 |  526.0 |
               +--------+--------+--------+--------+--------+-----+--------+

Top non-repeatable levels by time:
     D:1: 1046 daAuts
     D:2: 6 daAuts
